 Dungeon Crawl Stone Soup version 0.23.1 (webtiles) character file.

Game seed: 16481043879661875729

86 Borgoz the Sneak (level 4, 0/33 HPs)
             Began as a Ghoul Enchanter on Mar 14, 2019.
             Slain by an orc wizard
             ... wielding a +0 dagger
              (6 damage)
             ... on level 3 of the Dungeon.
             The game lasted 00:04:22 (2409 turns).

Borgoz the Sneak (Ghoul Enchanter)                  Turns: 2409, Time: 00:04:23

Health: 0/33       AC:  4    Str: 11    XL:     4   Next: 49%
Magic:  2/5        EV: 12    Int: 10    God:
Gold:   81         SH:  0    Dex: 10    Spells: 0/6 levels left

rFire    . . .     SeeInvis .   a - +1 dagger
rCold    + . .     Gourm    .   (no shield)
rNeg     + + +     Faith    .   b - +0 robe
rPois    ∞         Spirit   .   (no helmet)
rElec    .         Reflect  .   (no cloak)
rCorr    .         Harm     .   (no gloves)
MR       .....                  q - +1 pair of boots
Stlth    ++........             (no amulet)
HPRegen  0.00/turn              (no ring)
MPRegen  0.09/turn              (no ring)

@: rotting, slowed, very slow
A: rotting body, claws 1, carnivore, cold resistance 1, negative energy
resistance 3, inhibited regeneration, torment resistance, unbreathing
a: no special abilities


You were on level 3 of the Dungeon.
You were not hungry.

You visited 1 branch of the dungeon, and saw 3 of its levels.

You collected 81 gold pieces.

Inventory:

Hand Weapons
 a - a +1 dagger (weapon)
Missiles
 k - 6 needles of confusion
Armour
 b - a +0 robe (worn)
 q - a +1 pair of boots (worn)
Jewellery
 c - an uncursed ring of fire
 j - an uncursed ring of fire
Wands
 h - a wand of polymorph (3)
 p - a wand of flame (21)
 t - a wand of disintegration (11)
Scrolls
 e - a scroll of fog
 g - a scroll of remove curse
 l - 3 scrolls of identify {unknown}
 n - a scroll of teleportation {unknown}
 o - 2 scrolls of amnesia {unknown}
 s - a scroll of enchant armour {unknown}
 u - 3 scrolls of magic mapping {unknown}
Potions
 i - 5 potions of heal wounds
 m - a potion of mutation {unknown}
 v - a potion of lignification {unknown}
Comestibles
 d - 6 rations
 f - 6 chunks of flesh


   Skills:
 * Level 2.3 Short Blades
 + Level 1.3 Armour
 + Level 2.4 Dodging
 + Level 3.9 Stealth
 - Level 1.7 Spellcasting
 - Level 2.4 Hexes


You couldn't memorise any spells.
You knew the following spells:

 Your Spells              Type           Power        Failure   Level  Hunger
a - Corona                Hex            #......      12%         1    ##.....
b - Ensorcelled Hibernat  Hex/Ice        #.....       30%         2    ###....
c - Confuse               Hex            #.......     34%         3    ####...

Your spell library contained the following spells:

 Spells                   Type           Power        Failure   Level  Hunger
 Tukima's Dance           Hex            #.......     34%         3    ####...
 Dazzling Spray           Conj/Hex       #.....       52%         3    ####...


Dungeon Overview and Level Annotations

Branches:
Dungeon (3/15)

Altars:
Trog
Vehumet
The Shining One


Innate Abilities, Weirdness & Mutations

Your body is rotting away.
You thrive on raw meat.
You are immune to poison.
You have sharp fingernails.
You are carnivorous and can eat meat at any time.
Your flesh is cold resistant. (rC+)
You are immune to negative energy. (rN+++)
You do not regenerate when monsters are visible.
You are immune to unholy pain and torment.
You can survive without breathing.


Message History

The orc wizard is severely wounded.
The orc wizard points at you and mumbles some strange words.
The magic dart hits you! The orc wizard closely misses you.
You are too injured to fight recklessly!
Casting: Ensorcelled Hibernation (safe; 30% risk of failure)
Confirm with . or Enter, or press ? or * to list all spells.
Okay, then.
Sorry, you're not good enough to have a special ability.
Okay, then.
Casting: Ensorcelled Hibernation (safe; 30% risk of failure)
Confirm with . or Enter, or press ? or * to list all spells.
Aiming: Corona (safe; 12% risk of failure)
Press: ? - help, Shift-Dir - straight line, f/p - orc wizard
Aim: an orc wizard, wielding a +0 dagger and wearing a +0 robe (severely wounded, fast, chance to defeat MR: 38%)
The orc wizard is outlined in light.
The orc wizard gestures at you while chanting.
The magic dart hits you.
* * * LOW HITPOINT WARNING * * *
The orc wizard hits you with a +0 dagger.
You die...

.##.## .....#
.#### ## # .#
.. .# .# #. .#
.# #.##.# ##
#....#####
#.o!......
.#####.@#
........#
....###.# ###
..# #)######>##
.
#.........###.#
#####
####..........#
.....
#.###.######
##### #.# #.#
...# ..# #.#


You could see an orc wizard.

Vanquished Creatures
  Jessica (D:2)
  An adder (D:3)
  A worm (D:3)
  A dart slug (D:1)
  3 leopard geckos
  2 orcs (D:3)
  4 bats
  2 giant cockroaches (D:3)
  4 goblins
  8 hobgoblins
  A ball python (D:3)
  A frilled lizard (D:1)
  4 kobolds
  9 rats
42 creatures vanquished.

Notes
Turn   | Place    | Note
-------+----------+-------------------------------------------
     0 | D:1      | Borgoz the Ghoul Enchanter began the quest for the Orb.
     0 | D:1      | Reached XP level 1. HP: 14/14 MP: 2/2
    63 | D:1      | Reached skill level 1 in Short Blades
   108 | D:1      | Reached XP level 2. HP: 10/20 MP: 3/3
   559 | D:1      | Learned a level 2 spell: Ensorcelled Hibernation
  1154 | D:2      | Found a bloodstained altar of Trog.
  1154 | D:2      | Found a glowing golden altar of the Shining One.
  1194 | D:2      | Reached XP level 3. HP: 26/26 MP: 4/4
  1377 | D:2      | Found a radiant altar of Vehumet.
  1413 | D:2      | Noticed Jessica
  1429 | D:2      | Killed Jessica
  1429 | D:2      | Reached skill level 1 in Armour
  1764 | D:3      | Reached XP level 4. HP: 32/32 MP: 5/5
  2378 | D:3      | Learned a level 3 spell: Confuse
  2409 | D:3      | Slain by an orc wizard

Skill      XL: |  1  2  3 |
---------------+----------+-----
Short Blades   | 1 2 |  2.3
Dodging        | 2 |  2.4
Armour         | 1 |  1.3
Stealth        | |  3.9
Spellcasting   | |  1.7
Hexes          | |  2.4

Action                   |  1- 3 |  4- 6 || total
-------------------------+-------+-------++-------
Melee: Dagger            |   104 |    95 ||   199
 Cast: Corona            |     2 |     1 ||     3
       Ensorcelled Hiber |       |     1 ||     1
  Use: Potion            |     2 |     3 ||     5
       Scroll            |     2 |       ||     2
 Stab: Sleeping          |     3 |     4 ||     7
       Distracted        |     1 |     1 ||     2
  Eat: Chunk             |    11 |     5 ||    16
Armor: Robe              |    13 |    12 ||    25
Dodge: Dodged            |    63 |    38 ||   101
